 Dungeon Crawl Stone Soup version 0.17-a0-1093-g0b3cd89 (webtiles) character file.

23 YOLOxxxTooMuchSWAG the Magician (level 2, 0/11 HPs)
             Began as a Felid Wizard on May 20, 2015.
             Slain by a worm (11 damage)
             ... on level 2 of the Dungeon.
             The game lasted 00:03:15 (1349 turns).

YOLOxxxTooMuchSWAG the Magician (Felid Wizard)      Turns: 1349, Time: 00:03:15

Health: 0/11       AC:  1    Str:  3    XL:     2   Next: 72%
Magic:  0/7        EV: 17    Int: 19    God:
Gold:   52         SH:  0    Dex: 14    Spells: 3 memorised, 2 levels left
                                        Lives:  0   Deaths: 0

rFire  . . .     SeeInvis +     (weapon unavailable)
rCold  . . .     Clarity  +     (armour unavailable)
rNeg   . . .     SustAb   .     (shield unavailable)
rPois  .         Gourm    .     (helmet unavailable)
rElec  .         Spirit   .     (cloak unavailable)
rCorr  .         Warding  .     (gloves unavailable)
rMut   .         Stasis   .     (boots unavailable)
MR     .....                    q - amulet of clarity
Stlth  +++.......               (no ring)
                                r - ring of teleport control

@: repel missiles, quick, not resistant to hostile enchantments, fairly stealthy
A: no armour, no weapons or thrown items, claws 1, fangs 3, see invisible,
carnivore 3, speed 1, shaggy fur 1, slow metabolism 1, sharp paws
a: Evoke Teleport Control


You were on level 2 of the Dungeon.
You were not hungry.

You visited 1 branch of the dungeon, and saw 2 of its levels.

You collected 52 gold pieces.

Inventory:

Jewellery
 q - an amulet of clarity (around neck)
 r - a ring of teleport control (left paw)
 s - a cursed ring of loudness {unknown}
Scrolls
 c - a scroll of magic mapping {unknown}
 f - 2 scrolls of random uselessness {unknown}
 g - a scroll of enchant armour {unknown}
 i - a scroll of enchant weapon {unknown}
 j - a scroll of remove curse {unknown}
 o - a scroll of fear {unknown}
Potions
 d - a potion of invisibility {unknown}
 e - a potion of mutation {unknown}
 h - a potion of agility {unknown}
 l - 2 potions of degeneration {unknown}
 m - a potion of haste {unknown}
 p - a potion of cure mutation {unknown}
 t - 2 potions of magic {unknown}
Books
 a - a book of Minor Magic

   Spells                             Type                      Level
   a - Magic Dart                     Conjuration                  1
   b - Blink                          Translocation                2
   c - Call Imp                       Summoning                    2
   d - Repel Missiles                 Charms/Air                   2
   e - Slow                           Hexes                        2
   f - Conjure Flame                  Conjuration/Fire             3
   g - Mephitic Cloud                 Conjuration/Poison/Air       3
Comestibles
 b - a meat ration
 k - a beef jerky
 n - a slice of pizza


   Skills:
 - Level 2.6 Dodging
 - Level 2.6 Stealth
 - Level 3.0 Spellcasting
 + Level 2.5 Conjurations
   Level 1.0 Summonings
 - Level 1.5 Translocations


You had 2 spell levels left.
You knew the following spells:

 Your Spells              Type           Power        Failure   Level  Hunger
a - Magic Dart            Conj           ##..         8%          1    None
b - Blink                 Tloc           N/A          14%         2    ##.....
c - Repel Missiles        Chrm/Air       #.....       24%         2    ##.....


Dungeon Overview and Level Annotations

Branches:
Dungeon (2/15)

Altars:


Innate Abilities, Weirdness & Mutations

You cannot wear armour.
You are incapable of wielding weapons or throwing items.
You have sharp claws.
You have razor-sharp teeth.
You have supernaturally acute eyesight.
You are carnivorous and can eat meat at any time.
You cover ground quickly.
You are covered in fur (AC +1).
You have a slow metabolism.
Your sharp claws are effective at attacking unaware monsters.


Message History

Confirm with . or Enter, or press ? or * to list all spells.
Aiming: Magic Dart
Press: ? - help, Shift-Dir - straight line, f/p - worm
Aim: a worm (moderately wounded)
The magic dart hits the worm.
The worm is moderately wounded.
Casting: Magic Dart
Confirm with . or Enter, or press ? or * to list all spells.
You don't have enough magic to cast that spell.
Unknown command.
Casting: Magic Dart
Confirm with . or Enter, or press ? or * to list all spells.
You don't have enough magic to cast that spell.
Unknown command.
Unknown command.
You scratch the worm.
The worm is moderately wounded.
The worm bites you!
Ouch! That really hurt!
You die...

#.....#.#
#.....#.#
#.w.....#
......?.#
#.# #.#
#)# #w#
#@# #.#
#.# #.#
#.# #.#
#.# #.#
#.#


You could see a worm.

Vanquished Creatures
  2 giant geckos
  A bat (D:1)
  5 goblins
  2 hobgoblins (D:2)
  4 kobolds
  3 ball pythons (D:1)
  2 giant newts (D:1)
  2 rats
21 creatures vanquished.

Notes
Turn   | Place    | Note
--------------------------------------------------------------
     0 | D:1      | YOLOxxxTooMuchSWAG the Felid Wizard began the quest for the Orb.
     0 | D:1      | Reached XP level 1. HP: 7/7 MP: 5/5
   100 | D:1      | Reached skill level 1 in Conjurations
   705 | D:1      | Reached XP level 2. HP: 11/11 MP: 2/7
   850 | D:1      | Learned a level 2 spell: Blink
   854 | D:1      | Learned a level 2 spell: Repel Missiles
  1349 | D:2      | Slain by a worm

Vault maps used:
D:1:      lightli_arrival_noodles
D:2:      dk_noncrumbling_3, uniq_natasha

Action                   || total
-------------------------++-------
Melee: Unarmed           ||     8
 Cast: Magic Dart        ||    46
       Repel Missiles    ||     1
  Eat: Chunk             ||     3
